 Dungeon Crawl Stone Soup version 0.29-a0-234-g0dae59b3db (webtiles) character file.

Game seed: 5203030182577624595

3104 spaghetti the Conjurer (level 9, -6/62 HPs)
             Began as a Demigod Conjurer on Mar 2, 2022.
             Mangled by a five-headed hydra (11 damage)
             ... on level 1 of the Lair of Beasts.
             The game lasted 00:15:26 (7837 turns).

spaghetti the Conjurer (Demigod Conjurer)           Turns: 7837, Time: 00:15:27

Health: -6/62      AC:  4    Str:  8    XL:     9   Next: 34%
Magic:  0/21       EV: 12    Int: 32    God:
Gold:   296        SH:  0    Dex: 18    Spells: 10/19 levels left

rFire   . . .      SeeInvis .   w - +6 demon blade (flame) {long}
rCold   . . .      Faith    .   (no shield)
rNeg    . . .      Spirit   +   a - +1 robe
rPois   +          Reflect  .   (no helmet)
rElec   .          Harm     .   (no cloak)
rCorr   .          Rampage  .   p - +0 pair of gloves
Will    .....                   (no boots)
Stlth   ++........              d - amulet of guardian spirit
HPRegen 0.20/turn               r - ring of poison resistance
MPRegen 0.17/turn               t - +6 ring of dexterity

@: no status effects
A: high MP 1, forlorn, divine attributes
a: no special abilities


You were on level 1 of the Lair of Beasts.
You visited 2 branches of the dungeon, and saw 9 of its levels.

You collected 296 gold pieces.


Innate Abilities, Weirdness & Mutations

You have an increased reservoir of magic. (+10% MP)
You shall have no god before yourself.
Your divine heritage dramatically boosts your attributes as you level up.


   Skills:
 + Level 6.6 Long Blades
 - Level 1.7 Dodging
 - Level 1.7 Stealth
 - Level 5.7 Spellcasting
 - Level 7.0 Conjurations
 - Level 5.7 Fire Magic


You had 10 spell levels left.
You knew the following spells:

 Your Spells              Type           Power      Damage    Failure   Level
a - Conjure Flame         Conj/Fire      50%        6-21      1%          3
b - Searing Ray           Conj           100%       2d8       1%          2
c - Sticky Flame          Conj/Fire      50%        2d7       3%          4

Your spell library contained the following spells:

 Spells                   Type           Power      Damage    Failure   Level
 Magic Dart               Conj           100%       1d8       1%          1
 Dazzling Flash           Conj/Hex       62%        N/A       3%          3
 Pain                     Necr           36%        1d5       4%          1
 Ignite Poison            Fire/Tmut/Pois 21%        N/A       6%          3
 Fulminant Prism          Conj/Hex       15%        3d11      11%         4
 Iskenderun's Mystic Bla  Conj/Tloc      31%        2d8       11%         4
 Agony                    Necr           9%         N/A       78%         5
 Excruciating Wounds      Necr           4%         N/A       78%         5

Inventory:

Hand Weapons
 h - a +3 dagger {short}
   (You took it off a goblin on level 1 of the Dungeon)
 s - a +4 war axe {axe}
   (You found it on level 6 of the Dungeon)
 w - a +6 demon blade of flaming (weapon) {long}
   (You acquired it on level 6 of the Dungeon)
Missiles
 b - 253 stones {throwing}
 m - 8 boomerangs {throwing}
 n - a throwing net {=f!fthrowing}
 o - 7 javelins {throwing}
 v - 3 poisoned darts {throwing}
Armour
 a - a +1 robe (worn)
 p - a +0 pair of gloves (worn)
   (You found it on level 5 of the Dungeon)
 y - a +2 chain mail of fire resistance
   (You took it off Urug on level 1 of the Lair of Beasts)
Magical Staves
 x - a staff of fire {!astaff}
   (You found it on level 1 of the Lair of Beasts)
Jewellery
 d - an amulet of guardian spirit (around neck)
   (You found it on level 2 of the Dungeon)
 i - a ring of resist corrosion
   (You found it on level 3 of the Dungeon)
 r - a ring of poison resistance (left hand)
   (You found it on level 5 of the Dungeon)
 t - a +6 ring of dexterity (right hand)
   (You found it on level 6 of the Dungeon)
Wands
 j - a wand of mindburst (14)
   (You found it on level 3 of the Dungeon)
 z - a wand of iceblast (2)
   (You found it on level 1 of the Lair of Beasts)
Scrolls
 e - 2 scrolls of magic mapping {!r}
 g - a scroll of torment {!r}
 q - a scroll of silence {!r}
 u - a scroll of fear
Potions
 c - 2 potions of attraction {!q}
 f - a potion of flight
 k - a potion of might
 l - a potion of ambrosia {unknown}

Dungeon Overview and Level Annotations

Branches:
Dungeon (8/15)               Lair (1/6) D:8
 Temple: D:4-7

Shops:
D:1 ( D:6

*
#..............######'P###
##........................
#........................
#........................
##........................
#...#######...............
##)#......#....#####+###.#
#รท#......#....#..........
#.#.....@#....#..........
#.#......D....#..>.>.....
#.#......P...............
#.#......#....#..........
#.#......#...............
##.#.#..+##....#..........
#P..............#######.#.
##........................
#........................


You could see a five-headed hydra (burning).


Message History

You lost 1 mp, and now have 5/21 mp.
You start resting. ๐Ÿ˜• HP[+18] MP[+16]
You regained 18 hp, and now have 52/62 hp.
Your mp is fully restored (21).
You start resting. ๐Ÿ˜Ž HP[+10]
Your hp is fully restored (62).
b - 253 stones {throwing} (gained 30)
You open the door.
There is an open door here.
You open the door.
There is an open door here.
You open the door.
There is an open door here.
You open the door.
There is an open door here.
A bullfrog comes into view.
Aiming: Searing Ray (safe; 1% risk of failure)
Press: ? - help, Q - select action, (/) - cycle Shift-Dir - straight line, f - you
Okay, then.
A five-headed hydra comes into view.
Aiming: Searing Ray (safe; 1% risk of failure)
Press: ? - help, Q - select action, (/) - cycle Shift-Dir - straight line, f - bullfrog
Aim: a bullfrog (asleep, 100% to hit)
The searing ray hits the bullfrog!
The bullfrog gives a loud, deep croak! (Press . to maintain the ray.) ๐Ÿ˜Ž MP[-2]
You lost 2 mp, and now have 19/21 mp.
The searing ray hits the bullfrog.
The five-headed hydra roars! ๐Ÿ˜Ž MP[-1]
You lost 1 mp, and now have 18/21 mp.
Casting: Searing Ray (safe; 1% risk of failure)
Confirm with . or Enter, or press ? or * to list all spells.
Aiming: Sticky Flame (dangerous; 3% risk of failure)
Press: ? - help, Shift-Dir - straight line, f/p - bullfrog
Aim: a bullfrog (heavily wounded, 100% to hit)
The sticky flame hits the bullfrog!
You kill the bullfrog! ๐Ÿ˜Ž MP[-4]
You lost 4 mp, and now have 14/21 mp. ๐Ÿ˜Ž MP[+1] ๐Ÿ˜Ž MP[+1] ๐Ÿ˜Ž MP[+1] ๐Ÿ˜Ž MP[+1]
Aiming: Iceblast
Press: ? - help, Shift-Dir - straight line, f - five-headed hydra
Aim: a five-headed hydra The mass of ice explodes!
The iceblast engulfs the five-headed hydra!! ๐Ÿ˜Ž MP[+1]
Aiming: Iceblast
Press: ? - help, Shift-Dir - straight line, f/p - five-headed hydra
Aim: a five-headed hydra (moderately wounded)
The mass of ice explodes!
The iceblast engulfs the five-headed hydra!
Casting: Sticky Flame (dangerous; 3% risk of failure)
Confirm with . or Enter, or press ? or * to list all spells.
Aiming: Sticky Flame (dangerous; 3% risk of failure)
Press: ? - help, Shift-Dir - straight line, f/p - five-headed hydra
Aim: a five-headed hydra (heavily wounded, 100% to hit)
The sticky flame hits the five-headed hydra.
The five-headed hydra is covered in liquid flames!
The five-headed hydra burns!
The five-headed hydra bites you!
The five-headed hydra barely misses you.
The five-headed hydra completely misses you.
The five-headed hydra bites you.
The five-headed hydra misses you. ๐Ÿ˜• HP[-15] MP[-8]
You take 15 damage, and now have 47/62 hp.
MASSIVE DAMAGE!! (PAUSE)
You lost 8 mp, and now have 11/21 mp.
The five-headed hydra burns!
The five-headed hydra burns! ๐Ÿ˜• HP[+1]
The five-headed hydra burns!
The five-headed hydra burns! ๐Ÿ˜• MP[+1]
The five-headed hydra burns!
The five-headed hydra stops burning.
Casting: Sticky Flame (dangerous; 3% risk of failure)
Confirm with . or Enter, or press ? or * to list all spells.
Aiming: Sticky Flame (dangerous; 3% risk of failure)
Press: ? - help, Shift-Dir - straight line, f/p - five-headed hydra
Aim: a five-headed hydra (severely wounded, 100% to hit)
The sticky flame hits the five-headed hydra.
The five-headed hydra is covered in liquid flames!
The five-headed hydra burns!
The five-headed hydra bites you! The five-headed hydra bites you. x2
* * * LOW HITPOINT WARNING * * *
The five-headed hydra bites you!
* * * LOW HITPOINT WARNING * * *
The five-headed hydra bites you!
* * * LOW HITPOINT WARNING * * *
๐Ÿ˜ฑ HP[-43] MP[-11]
You take 43 damage, and now have 5/62 hp.
MASSIVE DAMAGE!! (PAUSE)
You lost 11 mp, and now have 1/21 mp.
The five-headed hydra burns!
The five-headed hydra bites you!
You die...

Skill      XL: |  1  2  3  4  5  6  7  8  9 |
---------------+----------------------------+-----
Conjurations   | 4 5 6 7 |  7.0
Spellcasting   | 3 4 5 |  5.7
Fire Magic     | 2 4 5 |  5.7
Long Blades    | 5 6 |  6.6
Dodging        | |  1.7
Stealth        | |  1.7

Action                   |  1- 3 |  4- 6 |  7- 9 || total
-------------------------+-------+-------+-------++-------
Melee: Dagger            |     2 |     8 |     7 ||    17
       Demon blade       |       |       |    19 ||    19
 Cast: Magic Dart        |    80 |    51 |     7 ||   138
       Searing Ray       |       |    11 |    44 ||    55
       Sticky Flame      |       |       |     9 ||     9
       Conjure Flame     |       |       |     2 ||     2
Evoke: Wand              |       |       |     2 ||     2
  Use: Potion            |     4 |     3 |     4 ||    11
       Scroll            |     2 |     6 |     6 ||    14
 Stab: Sleeping          |       |       |     1 ||     1
Armor: Robe              |     2 |     6 |    14 ||    22
       Skin              |       |     5 |       ||     5
Dodge: Dodged            |    20 |    18 |    51 ||    89

Levels and vault maps discovered:
D:1:      co_arrival_square_in_a_square_in_a_square, layout_basic, serial_shops,
          shop
D:2:      layout_rooms, uniq_terence, uniq_sigmund
D:3:      layout_basic, basic_ecumenical_altar
D:4:      layout_loops_ring, hangedman_abyss_or_decor_stagger
D:5:      layout_loops_ring, mainiacjoe_overflow_brackets, serial_glass,
          glass_columns_a, glass_columns_b, nicolae_zen_rock_garden
D:6:      layout_rooms, lemuel_mausoleum_altar_yredelemnul, serial_shops,
          nicolae_shop_crystal, gammafunk_ghost_grave
D:7:      layout_layer_cave, minmay_temple_entry_butterflies, uniq_menkaure,
          uniq_crazy_yiuf_cottage, uniq_joseph
D:8:      layout_cave_pools, lair_entry_dummy, nrook_mini_backslash,
          minmay_crystal_water, hangedman_decor_push
Lair:1:   layout_regular_city, infiniplex_staircase_pool, uniq_urug

Notes
Turn   | Place    | Note
-------+----------+-------------------------------------------
     0 | D:1      | spaghetti the Demigod Conjurer began the quest for the Orb.
     0 | D:1      | Reached XP level 1. HP: 14/14 MP: 5/5
     0 | D:1      | magus.rc [v1.9.6]
   223 | D:1      | Found Xuinujox's Weapon Shoppe.
   249 | D:1      | Reached skill level 4 in Conjurations
   249 | D:1      | Reached XP level 2. HP: 14/20 MP: 0/7
  1336 | D:2      | Reached XP level 3. HP: 26/26 MP: 6/8
  1456 | D:2      | Noticed Terence
  1521 | D:1      | HP: 4/26 [Terence/+0 falchion (8)]
  1888 | D:1      | HP: 3/26 [Terence/+0 falchion (5)]
  1899 | D:1      | Killed Terence
  1900 | D:1      | Reached skill level 5 in Conjurations
  2270 | D:2      | Reached XP level 4. HP: 33/33 MP: 5/9
  2426 | D:2      | Noticed Sigmund
  2456 | D:2      | HP: 6/49 [Sigmund/+0 scythe (9)]
  2461 | D:2      | HP: 3/49 [Sigmund/+0 scythe (3)]
  2463 | D:2      | Killed Sigmund
  2464 | D:2      | Reached skill level 6 in Conjurations
  2464 | D:2      | Reached XP level 5. HP: 4/38 MP: 1/10
  2469 | D:2      | HP: 3/57 [quokka[the player character] (2)]
  2794 | D:2      | Learned a level 2 spell: Searing Ray
  3580 | D:4      | You add the spells Conjure Flame, Ignite Poison and Sticky
                  | Flame to your library.
  3607 | D:4      | Learned a level 4 spell: Sticky Flame
  3663 | D:4      | Reached XP level 6. HP: 45/45 MP: 8/11
  3762 | D:4      | Reached skill level 2 in Spellcasting
  3762 | D:4      | Reached skill level 7 in Conjurations
  3772 | D:4      | Reached skill level 1 in Fire Magic
  3957 | D:4      | Reached skill level 2 in Fire Magic
  4117 | D:4      | Reached skill level 3 in Spellcasting
  4126 | D:4      | Reached XP level 7. HP: 13/50 MP: 12/14
  4707 | D:5      | Entered Level 5 of the Dungeon
  4735 | D:5      | Reached skill level 3 in Fire Magic
  5096 | D:5      | Reached skill level 4 in Spellcasting
  5316 | D:5      | Reached skill level 4 in Fire Magic
  5583 | D:5      | Reached XP level 8. HP: 57/57 MP: 12/18
  5864 | D:6      | Found Edyimp's Assorted Antiques.
  6198 | D:6      | Reached skill level 5 in Spellcasting
  6201 | D:6      | You pick up a book of Pain and begin reading...
  6201 | D:6      | You add the spells Pain, Agony and Excruciating Wounds to
                  | your library.
  6254 | D:6      | Reached skill level 5 in Fire Magic
  6743 | D:6      | Identified a scroll of acquirement
  6744 | D:6      | Acquired a +6 demon blade of flaming
  6776 | D:6      | Reached skill level 1 in Long Blades
  6992 | D:7      | Noticed Menkaure
  6996 | D:7      | Killed Menkaure
  6997 | D:7      | Reached skill level 2 in Long Blades
  7042 | D:8      | Found a staircase to the Lair.
  7046 | Lair:1   | Entered Level 1 of the Lair of Beasts
  7085 | Lair:1   | Reached skill level 3 in Long Blades
  7277 | Lair:1   | Noticed Urug
  7283 | Lair:1   | Learned a level 3 spell: Conjure Flame
  7292 | Lair:1   | Killed Urug
  7293 | Lair:1   | Reached skill level 5 in Long Blades
  7293 | Lair:1   | Reached XP level 9. HP: 23/62 MP: 2/21
  7311 | Lair:1   | HP: 15/62 [bullfrog (5)]
  7600 | Lair:1   | Noticed a cane toad
  7606 | Lair:1   | Killed a cane toad
  7607 | Lair:1   | Reached skill level 6 in Long Blades
  7798 | Lair:1   | Noticed a five-headed hydra
  7836 | Lair:1   | HP: 5/62 [five-headed hydra (13)]
  7837 | Lair:1   | Mangled by a five-headed hydra

Vanquished Creatures
  Urug (Lair:1)
  A cane toad (Lair:1)
  Menkaure (D:7)
  An orc warrior (D:6)
  2 black bears (D:5)
  3 ogres
  3 centaurs (D:6)
  A phantom (D:4)
  A kobold brigand (D:6)
  4 bullfrogs (Lair:1)
  A necrophage (D:5)
  A scorpion (D:4)
  An electric eel (Lair:1)
  2 gnoll shamans (D:6)
  A jelly (D:5)
  4 orc priests (D:4)
  3 hounds (D:5)
  2 iguanas
  Terence (D:1)
  2 orc wizards
  9 gnolls
  8 adders
  A shadow imp (D:6)
  2 ufetubi
  A worm (D:2)
  A dart slug (D:4)
  12 orcs
  4 endoplasms
  A giant cockroach (D:3)
  7 goblins
  7 hobgoblins
  2 jackals (D:2)
  2 quokkas (D:2)
  6 ball pythons
  7 bats
  3 frilled lizards
  9 kobolds
  4 rats
122 creatures vanquished.

Vanquished Creatures (collateral kills)
  Sigmund (D:2)
  A kobold (D:1)
2 creatures vanquished.

Vanquished Creatures (others)
  A fungus (Lair:1)
  A plant (Lair:1)
2 creatures vanquished.

Grand Total: 126 creatures vanquished

Table legend:
 A = Non-vault XP
 B = Vault XP
 C = Vault XP percentage of total XP
 D = Non-vault monster count
 E = Vault monster count
 F = Vault count percentage of total count
                 A         B        C        D         E       F
            +---------+---------+-------+---------+---------+-------
      Total |    3224 |    1211 |  27.3 |     120 |       4 |   3.2
            +---------+---------+-------+---------+---------+-------
        D:1 |      61 |      36 |  37.1 |      25 |       1 |   3.8
        D:2 |      46 |     223 |  82.9 |      21 |       1 |   4.5
        D:3 |      34 |       0 |   0.0 |       5 |       0 |   0.0
        D:4 |     612 |       0 |   0.0 |      20 |       0 |   0.0
        D:5 |     754 |       0 |   0.0 |      17 |       0 |   0.0
        D:6 |     914 |       0 |   0.0 |      26 |       0 |   0.0
        D:7 |       0 |     172 | 100.0 |       0 |       1 | 100.0
     Lair:1 |     803 |     780 |  49.3 |       6 |       1 |  14.3
            +---------+---------+-------+---------+---------+-------

Illustrated notes

Table legend:
 A = Kills in this place as a percentage of kills in entire the game.
 B = Kills by you in this place as a percentage of kills by you in the entire game.
 C = Kills by friends in this place as a percentage of kills by friends in the entire game.
 D = Other kills in this place as a percentage of other kills in the entire game.
 E = Experience gained in this place as a percentage of experience gained in the entire game.
 F = Experience gained in this place divided by the number of levels of this place that you have seen.
                   A       B       C       D       E      F
               +-------+-------+-------+-------+-------+----------------------
         Total | 100.0 | 100.0 | 100.0 |   N/A | 100.0 | 492.8
       Dungeon |  94.4 |  94.3 | 100.0 |   N/A |  64.3 | 356.5
          Lair |   5.6 |   5.7 |   0.0 |   N/A |  35.7 | 1583.0
               +-------+-------+-------+-------+-------+----------------------

Table legend: (Time is in decaauts)
 A = Elapsed time spent in this place.
 B = Non-inter-level travel time spent in this place.
 C = Inter-level travel time spent in this place.
 D = Time resting spent in this place.
 E = Time spent auto-exploring this place.
 F = Levels seen in this place.
 G = Mean time per level.
                   A        B        C        D        E       F      G
               +--------+--------+--------+--------+--------+-----+--------+
         Total |   7847 |   7720 |    127 |   2997 |   3681 |   9 |  871.9 |
       Dungeon |   7045 |   6918 |    127 |   2524 |   3475 |   8 |  880.6 |
          Lair |    801 |    801 |      0 |    472 |    206 |   1 |  801.0 |
               +--------+--------+--------+--------+--------+-----+--------+

Top non-repeatable levels by time:
     D:1: 2017 daAuts
     D:5: 1500 daAuts
     D:4: 1312 daAuts
     D:2: 985 daAuts
  Lair:1: 801 daAuts
     D:6: 783 daAuts
     D:3: 393 daAuts
     D:7: 50 daAuts
     D:8: 3 daAuts
